 Dungeon Crawl Stone Soup version 0.29.1-2-gbd0b4ee654 (webtiles) character file.

Game seed: 14896699889854120440

18 Icepheonix32 the Covered (level 2, 0/27 HPs)
             Began as a Minotaur Fighter on Nov 2, 2022.
             Slain by a quokka (1 damage)
             ... on level 2 of the Dungeon.
             The game lasted 00:00:33 (789 turns).

Icepheonix32 the Covered (Minotaur Fighter)          Turns: 789, Time: 00:00:34

Health: 0/27       AC:  7    Str: 20    XL:     2   Next: 51%
Magic:  1/1        EV:  9    Int:  5    God:
Gold:   37         SH:  4    Dex:  9    Spells: 1/1 levels left

rFire   . . .      SeeInvis .   a - +0 war axe
rCold   . . .      Faith    .   c - +0 buckler
rNeg    . . .      Spirit   .   b - +0 scale mail
rPois   .          Reflect  .   (helmet restricted)
rElec   .          Harm     .   (no cloak)
rCorr   .          Rampage  .   (no gloves)
Will    .....                   (no boots)
Stlth   ..........              (no amulet)
HPRegen 0.09/turn               (no ring)
MPRegen 0.07/turn               (no ring)

@: mighty, hasted, very quick
A: horns 2, retaliatory headbutt
a: no special abilities


You were on level 2 of the Dungeon.
You visited 1 branch of the dungeon, and saw 2 of its levels.

You collected 37 gold pieces.

Inventory:

Hand Weapons
 a - a +0 war axe (weapon)
Armour
 b - a +0 scale mail (worn)
 c - a +0 buckler (worn)
Jewellery
 f - a ring of resist corrosion
Scrolls
 g - a scroll of vulnerability {unknown}
 j - a scroll of brand weapon {unknown}
Potions
 d - a potion of might
 e - a potion of haste
 h - a potion of degeneration {unknown}
 i - 2 potions of flight {unknown}


   Skills:
 * Level 4.0 Fighting
 + Level 2.4 Axes
 + Level 4.1 Armour
 + Level 4.0 Shields


You had one spell level left.
You didn't know any spells.
Your spell library was empty.

Dungeon Overview and Level Annotations

Branches:
Dungeon (2/15)

Altars:

Annotations:
D:2 1 runed translucent door, Crazy Yiuf, Robin


Innate Abilities, Weirdness & Mutations

You have a pair of horns on your head.
You reflexively headbutt those who attack you in melee.


Message History

You catch the helpless goblin completely off-guard!
You hit the goblin.
The quokka bites you but does no damage.
The worm bites you. The goblin hits you but does no damage.
You miss the goblin.
The goblin is moderately wounded.
You barely miss the hobgoblin. You slash the worm! You barely miss the quokka.
The quokka barely misses you. You furiously retaliate!
You headbutt the quokka, but do no damage.
A goblin comes into view. It is wielding a +0 club.
The goblin closely misses you. The hobgoblin hits you.
Robin throws the goblin at you! The quokka barely misses you.
The worm bites you.
You slash the worm!
You kill the worm!
You hit the goblin. You closely miss the hobgoblin.
You closely miss the quokka. You closely miss the goblin.
The goblin hits you but does no damage. The hobgoblin hits you.
The quokka bites you. You block the goblin's attack.
The quokka bites you but does no damage.
The goblin hits you with a +0 club. The goblin completely misses you.
The goblin hits you with a +0 club.
* * * LOW HITPOINT WARNING * * *
The hobgoblin hits you.
* * * LOW HITPOINT WARNING * * *
Your Armour skill increases to level 4!
You are too injured to fight recklessly!
You are too injured to fight recklessly!
You are too injured to fight recklessly!
You are too injured to fight recklessly!
You are too injured to fight recklessly!
You feel very mighty all of a sudden. The quokka bites you.
* * * LOW HITPOINT WARNING * * *
The goblin closely misses you. x2; The goblin hits you with a +0 dagger.
* * * LOW HITPOINT WARNING * * *
You block the hobgoblin's attack. The goblin hits you but does no damage.
Unknown command.
It was a potion of haste.
You feel yourself speed up. The quokka bites you.
You die...

..#####.##.##.##..
........)...........#
........####...######
..........##...#
......(.#.#..###
.......g#.#..#
....gggg#....#
.....gggg....##
....ggg@g.....#
.....gr##.........
......b .....#.#..
.....!.#..#........
....[.....#....#...
...............##.
..........#.####
....#.....#


You could see Robin, a quokka, 3 hobgoblins, 10 goblins and a bat.

Vanquished Creatures
  A worm (D:2)
  A dart slug (D:2)
  3 ball pythons (D:1)
  2 endoplasms
  A giant cockroach (D:1)
  A hobgoblin (D:1)
  2 bats (D:1)
  2 rats
13 creatures vanquished.

Notes
Turn   | Place    | Note
-------+----------+-------------------------------------------
     0 | D:1      | Icepheonix32 the Minotaur Fighter began the quest for the
                  | Orb.
     0 | D:1      | Reached XP level 1. HP: 19/19 MP: 0/0
   218 | D:1      | Found a faded altar of an unknown god.
   456 | D:1      | Reached XP level 2. HP: 26/27 MP: 1/1
   743 | D:2      | Found a runed translucent door.
   744 | D:2      | Noticed Crazy Yiuf
   784 | D:2      | Noticed Robin
   788 | D:2      | HP: 1/27 [goblin/+0 dagger[Robin] (2)]
   789 | D:2      | Slain by a quokka

Illustrated notes

Levels and vault maps discovered:
D:1:      amcnicky_arrival_flooded_fountain, layout_basic,
          ebering_ecumenical_altar_hall
D:2:      layout_rooms, uniq_crazy_yiuf_cottage, uniq_robin, uniq_natasha

Skill      XL: |  1  2 |
---------------+-------+-----
Shields        | 4 |  4.0
Fighting       | 4 |  4.0
Armour         | 4 |  4.1
Axes           | |  2.4

Action                   || total
-------------------------++-------
Melee: War axe           ||    27
       Headbutt          ||     4
  Use: Potion            ||     2
 Stab: Distracted        ||     1
Armor: Scale mail        ||    24
Dodge: Dodged            ||    22
Block: Buckler           ||     7
